cohdb
Replays
Latest Replays
All Replays
Popular Replays
Top Player Replays
Match Explorer
How It Works
Community
CoH3 Stats
Reddit
Sign in to upload your games and track your stats! →
Sign in with Steam
Match 41398211
Unlisted
Match 41398211
Overview
Messages
Build Orders
End
Pioneer Squad
Construct Infanterie Kompanie
Grenadier Squad
MG 42 Machine Gun Team
GrW 34 Mortar Team
Construct Panzergrenadier Kompanie
Panzergrenadier Squad
Support Elements
Nebelwerfer 42 Rocket Launcher Team
StuG III G Assault Gun
StuG III G Assault Gun
Construct Panzer Kompanie
Stoßtruppen Squad
Panzer IV Medium Tank
Panzer IV Medium Tank
Selects Terror Battlegroup
Selects Machine Gun Camouflage
Selects Contempt for the Weak
Selects Jericho Trumpet
Selects V1 Rocket Strike
Selects Defend the Fatherland
Selects Defend the Fatherland
V1 Rocket Strike
Bacon
Valdai
Sailor
Manu
Stonesight
88-939-16-Delta
blyat:-(
XIAO_OvO
0
0
Comments
sign in to comment!
No comments posted yet!